 Dungeon Crawl Stone Soup version 0.31.0-11-ge490571c62 (webtiles) character file.

Game seed: 4718502126297661995

54896 qw the Spry (level 13, -1/67 HPs)
             Began as a Spriggan Hunter on Feb 3, 2024.
             Was a High Priest of Okawaru.
             Slain by a red devil
             ... wielding a +0 trident
             ... summoned by an obsidian statue
              (3 damage)
             ... on level 5 of the Lair of Beasts.
             The game lasted 00:05:39 (12364 turns).

qw the Spry (Spriggan Hunter)                      Turns: 12364, Time: 00:05:40

Health: -1/67      AC:  8    Str:  7    XL:     13   Next: 98%
Magic:  19/21      EV: 43    Int: 12    God:    Okawaru [*****.]
Gold:   1295       SH:  0    Dex: 32    Spells: 12/12 levels left

rFire   . . .        e - +1 arbalest of the Chickpea {flame, Dex+4}
rCold   . . .        (shield currently unavailable)
rNeg    . . .        l - +1 acid dragon scales
rPois   .            (helmet restricted)
rElec   .            b - +0 cloak
rCorr   +            (gloves unavailable)
SInv    +            (boots unavailable)
Will    ++...        d - amulet of regeneration
Stlth   +++          g - +6 ring of dexterity
HPRegen 1.11/turn    p - +5 ring of evasion
MPRegen 0.17/turn

%: no passive effects
@: about to teleport, finesse-ful, spiked, very quick
A: very small, no large weapons, unfitting armour, see invisible, speed 3
a: Renounce Religion, Heroism, Finesse, Duel


You were on level 5 of the Lair of Beasts.
You worshipped Okawaru.
Okawaru was extremely pleased with you.
You visited 3 branches of the dungeon, and saw 15 of its levels.
You also visited: Ossuary.

You collected 2280 gold pieces.
You spent 985 gold pieces at shops.


Innate Abilities, Weirdness & Mutations

You are very small and have problems with some larger weapons.
You are too small for most types of armour.
You have supernaturally acute eyesight. (SInv)
You cover ground extremely quickly. (Speed+++)


   Skills:
 - Level 7.1 Fighting
 - Level 16.0 Ranged Weapons
 - Level 2.1 Armour
 + Level 17.7 Dodging
 - Level 1.5 Stealth
 - Level 10.0 Invocations


You had 12 spell levels left.
You didn't know any spells.
Your spell library was empty.

Inventory:

Hand Weapons
 e - the +1 arbalest of the Chickpea (weapon) {flame, Dex+4}
   (You acquired it on level 2 of the Lair of Beasts)

   Dex+4:     It affects your dexterity (+4).
Armour
 b - a +0 cloak (worn)
 l - +1 acid dragon scales (worn)
Jewellery
 d - an amulet of regeneration (around neck)
 g - a +6 ring of dexterity (left hand)
 p - a +5 ring of evasion (right hand)
 r - a ring of fire
 t - a ring of protection from fire
Wands
 c - a wand of paralysis (12)
 o - a wand of mindburst (16)
 q - a wand of iceblast (34)
Scrolls
 a - a scroll of identify
 f - 11 scrolls of teleportation
 h - a scroll of enchant weapon
 n - a scroll of fear {unknown}
Potions
 i - 3 potions of might
 j - 2 potions of resistance
 k - 3 potions of haste
 m - 7 potions of enlightenment
 s - 8 potions of curing
 v - 2 potions of cancellation

Dungeon Overview and Level Annotations

Branches:
Dungeon (9/15)             Temple (1/1) D:5            Lair (5/5) D:9
  Swamp (0/4) Lair:3        Snake (0/4) Lair:3      Ossuary (visited)
  Slime: Lair:4-5       Orc: D:9-12

Altars:
Ashenzari
Cheibriados
Dithmenos
Elyvilon
Fedhas
Gozag
Hepliaklqana
Kikubaaqudgha
Makhleb
Nemelex Xobeh
Okawaru
Qazlal
Sif Muna
Trog
Uskayaw
Vehumet
Wu Jian
Xom
Yredelemnul
Zin
The Shining One

Shops:
D:6 (*!=*

Annotations:
D:2 1 runed translucent door, Crazy Yiuf
Lair:1 exclusion: electric eel
Lair:4 2 transporters, qw's ghost, journeyman SpHu
Lair:5 exclusion: obsidian statue


Message History

You kill the red devil!
The red devil disappears in a puff of smoke!
The red devil hits you from afar with a +0 trident!!
Barbed spikes become lodged in your body.
12358 ||| READING 12 scrolls of teleportation.
As you read the scroll of teleportation, it crumbles to dust.
You feel strangely unstable. The red devil completely misses you.
You shoot a bolt.
The bolt hits the quasit but does no damage.
The quasit completely misses you.
The quasit claws you but does no damage.
The quasit completely misses you. The red devil misses you.
You shoot a bolt. The bolt closely misses the quasit.
The ufetubus misses you. x3; The ufetubus completely misses you.
The quasit completely misses you. x2; The quasit misses you.
You shoot a bolt.
The bolt hits the quasit but does no damage.
The ufetubus completely misses you. x2; The ufetubus slips past you!
The ufetubus misses you. The ufetubus completely misses you.
The red devil hits you from afar with a +0 trident!
Barbed spikes become lodged in your body.
You shoot a bolt. The bolt hits the quasit!
The bolt burns the quasit.
The quasit is severely wounded.
The quasit misses you. The quasit barely misses you.
The quasit completely misses you. The ufetubus completely misses you.
The ufetubus misses you. The ufetubus completely misses you. x2
You shoot a bolt. The bolt misses the quasit.
The quasit misses you. The quasit completely misses you.
The quasit closely misses you.
The red devil hits you from afar with a +0 trident!
Barbed spikes become lodged in your body.
The ufetubus completely misses you. x4
You shoot a bolt. The bolt hits the quasit!!
You kill the quasit!
The quasit disappears in a puff of smoke!
You are no longer corroded.
The ufetubus completely misses you. x4
The red devil hits you from afar with a +0 trident.
You die...

####...##777##.....8#
### #.~###.#### #......#
.~~~~#....####)%P..8#
~~~~|####...P#'#########
~~~~.#8.####.#.# #)##
~~~..)(.)..#P..# #+##
#~~.##8....#..8# 787#
#########''#''####77...#
#.......5@.4...##
###P.....5ยค..7.#
##P....PP.77 ###..#..77
#######


You could see a red devil (summoned) and 2 ufetubi.

Vanquished Creatures
  3 dire elephants (Lair:5)
  Harold (D:9)
  2 hydras
  A catoblepas (Lair:5)
  2 boulder beetles
  Urug (Lair:5)
  6 death yaks
  A spectral anaconda (Lair:5)
  A lindwurm (Lair:4)
  4 necromancers (Lair:5)
  10 elephants (Lair:5)
  Maurice (D:8)
  5 black mambas
  Joseph (D:8)
  Jeremiah (D:7)
  11 cane toads
  4 rime drakes
  7 komodo dragons
  Psyche (D:8)
  A tyrant leech (Lair:3)
  2 polar bears
  8 blink frogs
  A hornet (D:9)
  9 dream sheep
  A dire elephant simulacrum (Lair:5)
  53 yaks
  10 wyverns
  2 basilisks
  A steam dragon (D:9)
  A death yak simulacrum (Lair:5)
  2 spectral cane toads (Lair:5)
  14 water moccasins
  An acid dragon (D:8)
  2 swamp worms (Lair:3)
  2 nagas (Lair:3)
  2 ice beasts
  A black bear (D:9)
  2 elephant skeletons (Lair:5)
  17 wolves
  A centaur (D:5)
  A phantom (D:5)
  A kobold brigand (D:9)
  3 elf zombies (Ossuary)
  8 bullfrogs
  4 scorpions
  A cane toad simulacrum (Lair:5)
  A burial acolyte (Ossuary)
  3 killer bees (D:6)
  5 electric eels
  A vampire bat (Lair:2)
  4 howler monkeys
  2 centaur zombies (Ossuary)
  2 lava snakes (Lair:1)
  3 human zombies (Ossuary)
  3 hounds
  2 jellies
  An orc priest (D:3)
  A bombardier beetle (D:3)
  A sleepcap (D:7)
  6 iguanas
  2 orc wizards
  A killer bee zombie (Ossuary)
  A hound zombie (Ossuary)
  3 mummies (Ossuary)
  7 gnolls
  5 adders
  A shadow imp (D:7)
  2 white imps
  8 adder zombies (Ossuary)
  A ribbon worm (D:2)
  17 orcs
  8 ball pythons
  10 endoplasms
  6 giant cockroaches
  14 goblins
  8 hobgoblins
  10 kobolds
  3 quokkas
  3 ball python zombies (Ossuary)
  15 bats
  A frilled lizard (D:1)
  A jackal zombie (Ossuary)
  3 kobold zombies (Ossuary)
  An orc zombie (Ossuary)
  5 rats
385 creatures vanquished.

Notes
Turn   | Place    | Note
-------+----------+-------------------------------------------
     0 | D:1      | qw the Spriggan Hunter began the quest for the Orb.
     0 | D:1      | Reached XP level 1. HP: 10/10 MP: 2/2
     0 | D:1      | 0 ||| qw: Version: 0.3-a-155-g5e7d8dd
     0 | D:1      | 0 ||| qw: Game counter: 3210
     0 | D:1      | 0 ||| qw: Melee chars always use a shield: true
     0 | D:1      | 0 ||| qw: God list: Okawaru
     0 | D:1      | 0 ||| qw: Allow faded altars: false
     0 | D:1      | 0 ||| qw: Do Orc after clearing Dungeon:15 true
     0 | D:1      | 0 ||| qw: Do second Lair branch before Depths: true
     0 | D:1      | 0 ||| qw: Lair rune preference: random
     0 | D:1      | 0 ||| qw: Goals: Normal
     0 | D:1      | 0 ||| PLANNING D:1-11
    22 | D:1      | Reached skill level 3 in Dodging
    49 | D:1      | Noticed a glass eye
    52 | D:1      | Found a faded altar of an unknown god.
    54 | D:1      | Noticed an eye of devastation
    54 | D:1      | Noticed a golden eye
    54 | D:1      | Noticed a golden eye
    67 | D:1      | Reached XP level 2. HP: 14/14 MP: 3/3
   133 | D:1      | Reached skill level 4 in Dodging
   401 | D:1      | Reached XP level 3. HP: 18/18 MP: 4/4
   555 | D:1      | 555 ||| READING scroll labelled RYINEZ RAETT.
   560 | D:1      | 560 ||| READING scroll labelled MOPED QOPOM.
   560 | D:1      | Identified a scroll of acquirement
   560 | D:1      | 560 ||| ACQUIRING 950 gold pieces
   560 | D:1      | Acquired 950 gold pieces
   562 | D:1      | 562 ||| READING scroll labelled GEMMIE INORO.
   562 | D:1      | 562 ||| ENCHANTING +0 shortbow.
   563 | D:1      | 563 ||| READING scroll labelled PUSORYSAESCH.
   564 | D:1      | 564 ||| DRINKING 2 fizzy coppery potions.
   565 | D:1      | 565 ||| DROPPING scroll of butterflies.
   566 | D:1      | 566 ||| DROPPING potion of invisibility.
  1080 | D:2      | You fall into a shaft and drop 2 floors!
  1087 | D:4      | 1087 ||| PLANNING OSSUARY
  1109 | D:4      | Reached XP level 4. HP: 22/22 MP: 5/5
  1112 | D:4      | Reached skill level 5 in Dodging
  1112 | D:4      | 1112 ||| DRINKING golden potion.
  1119 | D:4      | Noticed a scorpion
  1123 | D:4      | Killed a scorpion
  1124 | D:4      | Reached XP level 5. HP: 24/26 MP: 6/6
  1235 | D:4      | Reached skill level 6 in Ranged Weapons
  1378 | D:4      | Reached XP level 6. HP: 30/30 MP: 7/7
  1603 | D:4      | Found a sand-covered staircase.
  1604 | D:4      | 1604 ||| DROPPING scarf of invisibility.
  1605 | D:4      | 1605 ||| UPGRADING to amulet of regeneration.
  1610 | D:4      | 1610 ||| UPGRADING to +6 ring of dexterity.
  1611 | D:4      | 1611 ||| UPGRADING to ring of protection from cold.
  1612 | D:4      | 1612 ||| READING scroll labelled LIEPHAN MOSS.
  1613 | D:4      | 1613 ||| READING 2 scrolls labelled NAUWKI PINIRA.
  1614 | D:4      | 1614 ||| READING scroll labelled SOUZOQ MAG GIU.
  1614 | D:4      | 1614 ||| IDENTIFYING sedimented red potion
  1615 | D:4      | 1615 ||| READING scroll labelled DIHAM CIOCIATO.
  1716 | D:4      | 1716 ||| DROPPING scroll of poison.
  1723 | Ossuary  | Entered an ossuary
  1749 | Ossuary  | Reached skill level 6 in Dodging
  1771 | Ossuary  | Reached skill level 7 in Dodging
  1853 | Ossuary  | Reached XP level 7. HP: 35/35 MP: 8/8
  2041 | Ossuary  | Reached skill level 8 in Dodging
  2073 | Ossuary  | 2073 ||| READING scroll of enchant weapon.
  2073 | Ossuary  | 2073 ||| ENCHANTING +1 shortbow.
  2074 | Ossuary  | 2074 ||| READING scroll labelled HEKHLEM TEO.
  2082 | D:4      | 2082 ||| PLANNING D:1-11
  2233 | D:2      | Reached skill level 9 in Dodging
  2266 | D:2      | Found a runed translucent door.
  2267 | D:2      | Noticed Crazy Yiuf
  2636 | D:3      | Identified the +4 flail "Zinomo" {freeze, +Blink Str+3
                  | Dex+4}
  2893 | D:3      | 2893 ||| READING scroll labelled RYUNUF DACOKH.
  2893 | D:3      | 2893 ||| ENCHANTING +2 shortbow.
  2894 | D:3      | 2894 ||| READING scroll labelled QIAT NED YMECS.
  2895 | D:3      | 2895 ||| DRINKING 3 viscous green potions.
  2965 | D:4      | Reached XP level 8. HP: 39/39 MP: 9/9
  3262 | D:5      | Entered Level 5 of the Dungeon
  3262 | D:5      | Found a shimmering blue altar of Sif Muna.
  3262 | D:5      | Found a stormy altar of Qazlal.
  3262 | D:5      | Found a glowing silver altar of Zin.
  3587 | D:5      | Found a staircase to the Ecumenical Temple.
  3588 | D:5      | 3588 ||| PLANNING TEMPLE
  3594 | D:5      | 3594 ||| DRINKING 2 cyan potions.
  3602 | Temple   | Entered the Ecumenical Temple
  3603 | Temple   | 3603 ||| PLANNING OKAWARU WORSHIP
  3620 | Temple   | Became a worshipper of Warmaster Okawaru
  3621 | Temple   | 3621 ||| PLANNING D:1-11
  3778 | D:5      | Found a white marble altar of Elyvilon.
  3857 | D:6      | Reached skill level 3 in Fighting
  3917 | D:6      | Found Lonnur's Jewellery Shop.
  3919 | D:6      | 3919 ||| READING scroll of enchant weapon.
  3919 | D:6      | 3919 ||| ENCHANTING +2 shortbow.
  3927 | D:6      | 3927 ||| BUYING ring of poison resistance (240 gold).
  3927 | D:6      | Bought a ring of poison resistance for 240 gold pieces
  3927 | D:6      | 3927 ||| BUYING ring of protection from fire (300 gold).
  3927 | D:6      | Bought a ring of protection from fire for 300 gold pieces
  3990 | D:6      | Found Enozxohe's Distillery.
  3999 | D:6      | 3999 ||| BUYING 2 potions of curing (66 gold).
  3999 | D:6      | Bought 2 potions of curing for 66 gold pieces
  3999 | D:6      | 3999 ||| BUYING potion of curing (33 gold).
  3999 | D:6      | Bought a potion of curing for 33 gold pieces
  3999 | D:6      | 3999 ||| BUYING potion of enlightenment (55 gold).
  3999 | D:6      | Bought a potion of enlightenment for 55 gold pieces
  3999 | D:6      | 3999 ||| BUYING potion of might (44 gold).
  3999 | D:6      | Bought a potion of might for 44 gold pieces
  3999 | D:6      | 3999 ||| BUYING potion of resistance (110 gold).
  3999 | D:6      | Bought a potion of resistance for 110 gold pieces
  4036 | D:6      | Identified the +1 mace of Equivalence {freeze, rN+ Str+4}
  4080 | D:6      | Reached skill level 9 in Ranged Weapons
  4115 | D:6      | Found Vish's General Store.
  4122 | D:6      | 4122 ||| BUYING potion of cancellation (88 gold).
  4122 | D:6      | Bought a potion of cancellation for 88 gold pieces
  4122 | D:6      | 4122 ||| SHOPLISTING scroll of acquirement (572 gold, have
                  | 391).
  4122 | D:6      | 4122 ||| BUYING scroll of identify (22 gold).
  4122 | D:6      | Bought a scroll of identify for 22 gold pieces
  4299 | D:6      | Found Sacee's Assorted Antiques.
  4306 | D:6      | 4306 ||| BUYING scroll labelled CEOJOT KAUNOTS (27 gold).
  4306 | D:6      | Bought a scroll labelled CEOJOT KAUNOTS for 27 gold pieces
  4306 | D:6      | 4306 ||| SHOPLISTING wand of iceblast (13) (842 gold, have
                  | 347).
  4383 | D:6      | Found Bodaq's Weapon Shop.
  4574 | D:6      | 4574 ||| UPGRADING to ring of poison resistance.
  4576 | D:6      | 4576 ||| READING scroll of identify.
  4576 | D:6      | 4576 ||| IDENTIFYING fuming dark potion
  4577 | D:6      | 4577 ||| READING 2 scrolls labelled TAEBBI ZILEI.
  4578 | D:6      | 4578 ||| READING scroll labelled ACKEVU NUPN.
  4578 | D:6      | 4578 ||| BRANDING +3 shortbow.
  4579 | D:6      | 4579 ||| READING scroll labelled CEOJOT KAUNOTS.
  4580 | D:6      | 4580 ||| DRINKING 2 coppery potions.
  4581 | D:6      | 4581 ||| DROPPING potion of ambrosia.
  4582 | D:6      | 4582 ||| DROPPING scroll of immolation.
  4583 | D:6      | 4583 ||| DROPPING potion of attraction.
  4613 | D:7      | 4613 ||| STAIRDANCE
  4717 | D:7      | 4717 ||| STAIRDANCE
  4728 | D:6      | Reached skill level 10 in Dodging
  4732 | D:7      | 4732 ||| STAIRDANCE
  4736 | D:6      | Reached * piety under Okawaru
  4751 | D:7      | Reached skill level 1 in Invocations
  4791 | D:7      | Reached XP level 9. HP: 44/44 MP: 9/11
  4858 | D:7      | Found a flagged portal.
  4909 | D:7      | Noticed Jeremiah
  4925 | D:7      | 4925 ||| INVOKING Heroism.
  4945 | D:7      | 4945 ||| FLEEEEING.
  4946 | D:7      | 4946 ||| FLEEEEING.
  4947 | D:7      | 4947 ||| FLEEEEING.
  4961 | D:7      | 4961 ||| INVOKING Heroism.
  4964 | D:7      | HP: 5/42 [Jeremiah/divine providence (14)]
  4965 | D:7      | 4965 ||| READING 8 scrolls of teleportation.
  4966 | D:7      | 4966 ||| DRINKING potion of heal wounds.
  5454 | D:7      | 5454 ||| INVOKING Heroism.
  5467 | D:7      | 5467 ||| FLEEEEING.
  5468 | D:7      | 5468 ||| FLEEEEING.
  5469 | D:7      | 5469 ||| FLEEEEING.
  5471 | D:7      | 5471 ||| FLEEEEING.
  5474 | D:7      | 5474 ||| FLEEEEING.
  5476 | D:7      | 5476 ||| FLEEEEING.
  5477 | D:7      | 5477 ||| FLEEEEING.
  5479 | D:7      | 5479 ||| FLEEEEING.
  5480 | D:7      | 5480 ||| FLEEEEING.
  5483 | D:7      | 5483 ||| DRINKING 2 potions of haste.
  5501 | D:7      | 5501 ||| FLEEEEING.
  5503 | D:7      | 5503 ||| FLEEEEING.
  5524 | D:7      | Killed Jeremiah
  5525 | D:7      | Reached skill level 11 in Dodging
  5570 | D:7      | 5570 ||| UPGRADING to +0 cloak.
  5628 | D:8      | Noticed Psyche
  5629 | D:8      | 5629 ||| RETREEEEATING.
  5630 | D:8      | 5630 ||| RETREEEEATING.
  5632 | D:8      | 5632 ||| RETREEEEATING.
  5634 | D:8      | 5634 ||| INVOKING Heroism.
  5637 | D:8      | Killed Psyche
  5638 | D:8      | Reached skill level 3 in Invocations
  5685 | D:8      | 5685 ||| RETREEEEATING.
  5688 | D:8      | 5688 ||| RETREEEEATING.
  5689 | D:8      | 5689 ||| RETREEEEATING.
  5692 | D:8      | 5692 ||| RETREEEEATING.
  5702 | D:8      | 5702 ||| INVOKING Heroism.
  5710 | D:8      | Noticed Maurice
  5717 | D:8      | Reached skill level 12 in Dodging
  5731 | D:8      | Reached ** piety under Okawaru
  5736 | D:8      | 5736 ||| INVOKING Heroism.
  5746 | D:8      | Killed Maurice
  5747 | D:8      | Reached XP level 10. HP: 49/49 MP: 12/14
  5910 | D:8      | Noticed Joseph
  5911 | D:8      | 5911 ||| INVOKING Heroism.
  5926 | D:8      | Killed Joseph
  6512 | D:8      | Found an opulent altar of Gozag.
  6567 | D:8      | 6567 ||| UPGRADING to +0 acid dragon scales.
  6577 | D:8      | 6577 ||| DROPPING +0 robe.
  6578 | D:8      | 6578 ||| DROPPING ring of willpower.
  6579 | D:8      | 6579 ||| UPGRADING to +5 ring of evasion.
  6581 | D:8      | 6581 ||| DROPPING ring of protection from cold.
  6582 | D:8      | 6582 ||| DROPPING ring of poison resistance.
  6583 | D:8      | 6583 ||| READING 2 scrolls of identify.
  6583 | D:8      | 6583 ||| IDENTIFYING brown potion
  6584 | D:8      | 6584 ||| DROPPING potion of lignification.
  6721 | D:9      | 6721 ||| RETREEEEATING.
  6723 | D:9      | Noticed Harold
  6724 | D:9      | 6724 ||| RETREEEEATING.
  6727 | D:9      | 6727 ||| RETREEEEATING.
  6729 | D:9      | 6729 ||| RETREEEEATING.
  6730 | D:9      | 6730 ||| RETREEEEATING.
  6731 | D:9      | 6731 ||| RETREEEEATING.
  6732 | D:9      | 6732 ||| RETREEEEATING.
  6733 | D:9      | 6733 ||| RETREEEEATING.
  6734 | D:9      | 6734 ||| RETREEEEATING.
  6738 | D:9      | Reached skill level 1 in Armour
  6739 | D:9      | 6739 ||| RETREEEEATING.
  6853 | D:9      | 6853 ||| INVOKING Heroism.
  6953 | D:9      | 6953 ||| INVOKING Heroism.
  6962 | D:9      | Killed Harold
  6962 | D:9      | Reached *** piety under Okawaru
  6963 | D:9      | Reached skill level 12 in Ranged Weapons
  6997 | D:9      | Found a staircase to the Lair.
  7300 | D:9      | 7300 ||| PLANNING LAIR
  7346 | Lair:1   | Entered Level 1 of the Lair of Beasts
  7399 | Lair:1   | 7399 ||| RETREEEEATING.
  7401 | Lair:1   | 7401 ||| RETREEEEATING.
  7402 | Lair:1   | 7402 ||| RETREEEEATING.
  7403 | Lair:1   | 7403 ||| RETREEEEATING.
  7405 | Lair:1   | Reached skill level 13 in Dodging
  7405 | Lair:1   | Reached XP level 11. HP: 55/55 MP: 15/15
  7407 | Lair:1   | 7407 ||| RETREEEEATING.
  7409 | Lair:1   | 7409 ||| RETREEEEATING.
  7412 | Lair:1   | 7412 ||| RETREEEEATING.
  7413 | Lair:1   | 7413 ||| RETREEEEATING.
  7414 | Lair:1   | 7414 ||| RETREEEEATING.
  7415 | Lair:1   | 7415 ||| RETREEEEATING.
  7416 | Lair:1   | 7416 ||| RETREEEEATING.
  7417 | Lair:1   | 7417 ||| RETREEEEATING.
  7418 | Lair:1   | 7418 ||| RETREEEEATING.
  7419 | Lair:1   | 7419 ||| RETREEEEATING.
  7420 | Lair:1   | 7420 ||| RETREEEEATING.
  7425 | Lair:1   | 7425 ||| RETREEEEATING.
  7427 | Lair:1   | 7427 ||| RETREEEEATING.
  7428 | Lair:1   | 7428 ||| RETREEEEATING.
  7429 | Lair:1   | 7429 ||| RETREEEEATING.
  7431 | Lair:1   | 7431 ||| RETREEEEATING.
  7432 | Lair:1   | Reached **** piety under Okawaru
  7540 | Lair:1   | Noticed a death yak
  7554 | Lair:1   | Noticed a death yak
  7555 | Lair:1   | Noticed a death yak
  7555 | Lair:1   | Noticed a death yak
  7556 | Lair:1   | 7556 ||| RETREEEEATING.
  7557 | Lair:1   | 7557 ||| INVOKING Finesse.
  7569 | Lair:1   | Killed a death yak
  7580 | Lair:1   | Killed a death yak
  7594 | Lair:1   | Noticed a death yak
  7597 | Lair:1   | 7597 ||| INVOKING Finesse.
  7600 | Lair:1   | Killed a death yak
  7609 | Lair:1   | Killed a death yak
  7619 | Lair:1   | Killed a death yak
  7620 | Lair:1   | Reached skill level 6 in Invocations
  7980 | Lair:1   | 7980 ||| RETREEEEATING.
  8004 | Lair:1   | Reached ***** piety under Okawaru
  8213 | Lair:1   | Reached skill level 14 in Dodging
  8497 | Lair:2   | 8497 ||| READING scroll of acquirement.
  8497 | Lair:2   | 8497 ||| ACQUIRING +1 arbalest of the Chickpea {flame,
                  | Dex+4}
  8497 | Lair:2   | Acquired the +1 arbalest of the Chickpea {flame, Dex+4}
  8499 | Lair:2   | 8499 ||| SWAPPING to +1 arbalest of the Chickpea {flame,
                  | Dex+4}.
  8500 | Lair:2   | 8500 ||| DROPPING +3 shortbow of draining.
  8546 | Lair:2   | Received a gift from Okawaru
  8596 | Lair:2   | Noticed a boulder beetle
  8597 | Lair:2   | 8597 ||| INVOKING Finesse.
  8603 | Lair:2   | Killed a boulder beetle
  8638 | Lair:2   | You fall into a shaft and drop 2 floors!
  8649 | Lair:4   | 8649 ||| RETREEEEATING.
  8650 | Lair:4   | 8650 ||| RETREEEEATING.
  8651 | Lair:4   | 8651 ||| INVOKING Finesse.
  8662 | Lair:4   | Reached XP level 12. HP: 60/60 MP: 13/19
  8739 | Lair:4   | Noticed a four-headed hydra
  8740 | Lair:4   | 8740 ||| INVOKING Finesse.
  8747 | Lair:4   | Killed a four-headed hydra
  8748 | Lair:4   | Reached skill level 15 in Dodging
  8932 | Lair:3   | Reached skill level 9 in Invocations
  9005 | Lair:2   | Noticed a four-headed hydra
  9006 | Lair:2   | 9006 ||| INVOKING Finesse.
  9014 | Lair:2   | Killed a four-headed hydra
  9064 | Lair:2   | 9064 ||| RETREEEEATING.
  9170 | Lair:2   | Received a gift from Okawaru
  9715 | Lair:2   | 9715 ||| READING scroll of identify.
  9715 | Lair:2   | 9715 ||| IDENTIFYING scroll labelled RAWNUC KUSOTY
  9716 | Lair:2   | 9716 ||| DROPPING scroll of vulnerability.
  9778 | Lair:3   | Reached skill level 6 in Fighting
 10009 | Lair:3   | Noticed a boulder beetle
 10010 | Lair:3   | 10010 ||| INVOKING Finesse.
 10015 | Lair:3   | Killed a boulder beetle
 10053 | Lair:3   | 10053 ||| RETREEEEATING.
 10056 | Lair:3   | 10056 ||| RETREEEEATING.
 10060 | Lair:3   | 10060 ||| RETREEEEATING.
 10061 | Lair:3   | 10061 ||| RETREEEEATING.
 10062 | Lair:3   | 10062 ||| RETREEEEATING.
 10063 | Lair:3   | 10063 ||| RETREEEEATING.
 10064 | Lair:3   | 10064 ||| RETREEEEATING.
 10092 | Lair:3   | Reached skill level 16 in Dodging
 10243 | Lair:3   | Found a staircase to the Snake Pit.
 10631 | Lair:3   | Received a gift from Okawaru
 10642 | Lair:3   | Reached XP level 13. HP: 53/65 MP: 21/21
 10674 | Lair:3   | Found a staircase to the Swamp.
 10838 | Lair:4   | HP: 14/65 [lindwurm/blast of flame (24)]
 10839 | Lair:4   | 10839 ||| READING 12 scrolls of teleportation.
 10908 | Lair:4   | Found a transporter.
 10908 | Lair:4   | Noticed qw's ghost (journeyman SpHu)
 10942 | Lair:4   | Found a transporter.
 10958 | Lair:4   | 10958 ||| RETREEEEATING.
 10961 | Lair:4   | 10961 ||| RETREEEEATING.
 10963 | Lair:4   | 10963 ||| RETREEEEATING.
 11019 | Lair:4   | 11019 ||| RETREEEEATING.
 11344 | Lair:4   | 11344 ||| DROPPING ring of magical power.
 11351 | Lair:5   | Entered Level 5 of the Lair of Beasts
 11352 | Lair:5   | 11352 ||| RETREEEEATING.
 11353 | Lair:5   | 11353 ||| RETREEEEATING.
 11354 | Lair:5   | 11354 ||| RETREEEEATING.
 11355 | Lair:5   | 11355 ||| INVOKING Finesse.
 11357 | Lair:5   | 11357 ||| INVOKING Heroism.
 11368 | Lair:5   | Reached skill level 15 in Ranged Weapons
 11476 | Lair:5   | 11476 ||| RETREEEEATING.
 11477 | Lair:5   | 11477 ||| RETREEEEATING.
 11479 | Lair:5   | 11479 ||| RETREEEEATING.
 11481 | Lair:5   | 11481 ||| RETREEEEATING.
 11482 | Lair:5   | 11482 ||| RETREEEEATING.
 11483 | Lair:5   | 11483 ||| RETREEEEATING.
 11487 | Lair:5   | Noticed Urug
 11492 | Lair:5   | Killed Urug
 11561 | Lair:5   | 11561 ||| RETREEEEATING.
 11562 | Lair:5   | 11562 ||| RETREEEEATING.
 11564 | Lair:5   | 11564 ||| RETREEEEATING.
 11566 | Lair:5   | 11566 ||| RETREEEEATING.
 11568 | Lair:5   | 11568 ||| RETREEEEATING.
 11570 | Lair:5   | 11570 ||| RETREEEEATING.
 11573 | Lair:5   | Reached skill level 17 in Dodging
 11789 | Lair:5   | Noticed a dire elephant
 11790 | Lair:5   | Noticed a dire elephant
 11790 | Lair:5   | Noticed a dire elephant
 11820 | Lair:5   | Received a gift from Okawaru
 11823 | Lair:5   | 11823 ||| READING scroll of enchant armour.
 11823 | Lair:5   | 11823 ||| ENCHANTING +0 acid dragon scales.
 11964 | Lair:5   | 11964 ||| Stepping ~*~*~tactically~*~*~ (cloud).
 11969 | Lair:5   | 11969 ||| Stepping ~*~*~tactically~*~*~ (cloud).
 12120 | Lair:5   | Received a gift from Okawaru
 12132 | Lair:5   | 12132 ||| RETREEEEATING.
 12133 | Lair:5   | 12133 ||| RETREEEEATING.
 12134 | Lair:5   | 12134 ||| RETREEEEATING.
 12135 | Lair:5   | 12135 ||| RETREEEEATING.
 12136 | Lair:5   | 12136 ||| RETREEEEATING.
 12137 | Lair:5   | 12137 ||| RETREEEEATING.
 12138 | Lair:5   | 12138 ||| RETREEEEATING.
 12139 | Lair:5   | 12139 ||| RETREEEEATING.
 12140 | Lair:5   | 12140 ||| RETREEEEATING.
 12141 | Lair:5   | 12141 ||| INVOKING Finesse.
 12150 | Lair:5   | Killed a dire elephant
 12163 | Lair:5   | Killed a dire elephant
 12171 | Lair:5   | 12171 ||| INVOKING Finesse.
 12179 | Lair:5   | Killed a dire elephant
 12229 | Lair:5   | Got an earthy gem with 277 turns to spare
 12321 | Lair:5   | 12321 ||| RETREEEEATING.
 12331 | Lair:5   | 12331 ||| INVOKING Finesse.
 12350 | Lair:5   | 12350 ||| FLEEEEING.
 12357 | Lair:5   | HP: 14/67 [red devil/+0 trident[an obsidian statue] (23)]
 12358 | Lair:5   | 12358 ||| READING 12 scrolls of teleportation.
 12363 | Lair:5   | HP: 1/67 [red devil/+0 trident[an obsidian statue] (10)]
 12364 | Lair:5   | Slain by a red devil

Levels and vault maps discovered:
D:1:      mrwooster_arrival_arrow, layout_rooms, serial_bayou,
          serial_bayou_pond_a, serial_bayou_shore_b, serial_bayou_crossing,
          serial_bayou_pond_b, hellmonk_ecumenical_altar_watching_god
D:2:      layout_basic, uniq_crazy_yiuf_cottage
D:3:      layout_rooms
D:4:      nicolae_cairo_tiling_large_dashed, layout_basic,
          chequers_ossuary_entry_cave
D:5:      layout_gridville, nicolae_elyvilon_temple_path,
          chequers_temple_overflow_statue_of_worship, minmay_temple_entry_tees,
          reono_crystal_passage
D:6:      layout_loops_corners, serial_shops, shop, shop, shop, shop_statue,
          nicolae_shop_gaudy_bauble
D:7:      layout_loops_ring, enter_bailey_5, uniq_jeremiah
D:8:      layout_basic, grunt_gozag_statues, uniq_joseph, uniq_psyche,
          uniq_maurice
D:9:      layout_roguey, minmay_lair_entry_grove,
          nicolae_twisty_statue_hallways, uniq_harold
Temple:   nicolae_temple_superstar
Lair:1:   layout_hall_layers, nicolae_lair_liquid_snakes, lemuel_fruit_tree
Lair:2:   layout_hall_layers, roderic_batcave, serial_bayou_shore_b,
          grunt_megastairs_5, serial_bayou_shore_a, infiniplex_staircase_pool_2
Lair:3:   layout_cave_pods, minmay_swamp_entry_worms,
          guppyfry_snake_entry_island, enter_volcano_2, grunt_megastairs_2,
          lemuel_fruit_fields
Lair:4:   layout_roguey, gammafunk_ghost_arena
Lair:5:   due_jungle_book, layout_concentric_octagons,
          dpeg_slime_entry_enclosed, uniq_urug

Skill      XL: |  1  2  3  4  5  6  7  8  9 10 11 12 13 |
---------------+----------------------------------------+-----
Dodging        | 3 4 5 7 9 10 12 13 14 16 17 | 17.7
Ranged Weapons | 5 6 7 9 10 12 13 14 16 | 16.0
Fighting       | 2 3 4 5 6 7 |  7.1
Invocations    | 1 4 8 10 | 10.0
Armour         | 1 2 |  2.1
Stealth        | |  1.5

Action                     |  1- 3 |  4- 6 |  7- 9 | 10-12 | 13-15 || total
---------------------------+-------+-------+-------+-------+-------++-------
   Fire: Shortbow          |   145 |   119 |   401 |   345 |       ||  1010
         Arbalest          |       |       |       |   261 |   333 ||   594
 Invoke: Heroism           |       |       |     6 |     3 |     1 ||    10
         Finesse           |       |       |       |     7 |     4 ||    11
    Use: Scroll            |     4 |     4 |    10 |     3 |     3 ||    24
         Potion            |     1 |     1 |     5 |       |       ||     7
 Armour: Robe              |     9 |    16 |    46 |     2 |       ||    73
         Acid dragon scale |       |       |       |    56 |    42 ||    98
  Dodge: Dodged            |    34 |    71 |   200 |   322 |   306 ||   933

Table legend:
 A = Non-vault XP
 B = Vault XP
 C = Vault XP percentage of total XP
 D = Non-vault monster count
 E = Vault monster count
 F = Vault count percentage of total count
                 A         B        C        D         E       F
            +---------+---------+-------+---------+---------+-------
      Total |   45187 |   18951 |  29.5 |     286 |      99 |  25.7
            +---------+---------+-------+---------+---------+-------
        D:1 |      54 |       3 |   5.3 |      31 |       2 |   6.1
        D:2 |      73 |       0 |   0.0 |      19 |       0 |   0.0
        D:3 |     218 |       0 |   0.0 |      21 |       0 |   0.0
        D:4 |     355 |       0 |   0.0 |      17 |       0 |   0.0
        D:5 |     413 |       0 |   0.0 |       7 |       0 |   0.0
        D:6 |     806 |       0 |   0.0 |      12 |       0 |   0.0
        D:7 |     334 |     425 |  56.0 |      12 |       5 |  29.4
        D:8 |    2115 |    1306 |  38.2 |      18 |       3 |  14.3
        D:9 |    1718 |    2186 |  56.0 |      14 |      11 |  44.0
     Lair:1 |    8143 |     312 |   3.7 |      22 |       6 |  21.4
     Lair:2 |    5192 |    2540 |  32.9 |      25 |      15 |  37.5
     Lair:3 |    4413 |    1660 |  27.3 |      18 |       8 |  30.8
     Lair:4 |    8769 |       0 |   0.0 |      32 |       0 |   0.0
     Lair:5 |   12584 |    9795 |  43.8 |      38 |      19 |  33.3
    Ossuary |       0 |     724 | 100.0 |       0 |      30 | 100.0
            +---------+---------+-------+---------+---------+-------
